Workbook
Name _1Excel_BuiltIn_Print_Area_3_1: #REF!
Name _1Excel_BuiltIn_Print_Area_3_1: #REF!
Name _FOG50: #REF!
Name _FOG50: #REF!
Name _PVC100: #REF!
Name _PVC100: #REF!
Name _PVC150: #REF!
Name _PVC150: #REF!
Name _PVC50: #REF!
Name _PVC50: #REF!
Name _PVC75: #REF!
Name _PVC75: #REF!
Name _VBF1: #REF!
Name _VBF1: #REF!
Name _VE1: #REF!
Name _VE1: #REF!
Name _VO1: [1]MEMORIAL!#REF!
Name _VO1: [1]MEMORIAL!#REF!
Name _VR1: #REF!
Name _VR1: #REF!
Name A__1: [1]MEMORIAL!#REF!
Name A__1: [1]MEMORIAL!#REF!
Name A__1_1: [1]MEMORIAL!#REF!
Name A__1_1: [1]MEMORIAL!#REF!
Name A__2: [1]MEMORIAL!#REF!
Name A__2: [1]MEMORIAL!#REF!
Name A__2_1: [1]MEMORIAL!#REF!
Name A__2_1: [1]MEMORIAL!#REF!
Name A__3: [1]MEMORIAL!#REF!
Name A__3: [1]MEMORIAL!#REF!
Name A__3_1: [1]MEMORIAL!#REF!
Name A__3_1: [1]MEMORIAL!#REF!
Name A__4: [1]MEMORIAL!#REF!
Name A__4: [1]MEMORIAL!#REF!
Name A__4_1: [1]MEMORIAL!#REF!
Name A__4_1: [1]MEMORIAL!#REF!
Name A__5: [1]MEMORIAL!#REF!
Name A__5: [1]MEMORIAL!#REF!
Name A__5_1: [1]MEMORIAL!#REF!
Name A__5_1: [1]MEMORIAL!#REF!
Name A__6: [1]MEMORIAL!#REF!
Name A__6: [1]MEMORIAL!#REF!
Name A__6_1: [1]MEMORIAL!#REF!
Name A__6_1: [1]MEMORIAL!#REF!
Name A_1: [1]MEMORIAL!#REF!
Name A_1: [1]MEMORIAL!#REF!
Name A_1_1: [1]MEMORIAL!#REF!
Name A_1_1: [1]MEMORIAL!#REF!
Name A_2: [1]MEMORIAL!#REF!
Name A_2: [1]MEMORIAL!#REF!
Name A_2_1: [1]MEMORIAL!#REF!
Name A_2_1: [1]MEMORIAL!#REF!
Name A_3: [1]MEMORIAL!#REF!
Name A_3: [1]MEMORIAL!#REF!
Name A_3_1: [1]MEMORIAL!#REF!
Name A_3_1: [1]MEMORIAL!#REF!
Name APARENTE: #REF!
Name APARENTE: #REF!
Name Área_impressão_IM: #REF!
Name Área_impressão_IM: #REF!

Sheet PM
B1: PREFEITURA MUNICIPAL DE JOÃO NEIVA | E1: OBRA: REFORMA DE TELHADO DA EMEF PROF.ª MARIA OLÍRIA SARCINELLI CAMPAGNARO
B2: PLANILHA ORÇAMENTÁRIA | E2: LOCAL: JOÃO NEIVA-ES | H2: BDI: | I2: 0.3129
E3: DATA BASE: Janeiro/2021 | H3: LEIS SOCIAIS: | I3: 1.5727 | J3: BDI MULTIPLICADOR
E4: ORÇAMENTISTA: STEFAN B.LEMOS | H4: CREA 7169/D ES | J4: =I2+1 -> 1.3129
E5: ATUALIZAÇÃO: FELIPPE PICOLI PANCIERI: CREA-ES 050306/D
A6: ITEM | B6: CÓDIGO | C6: ORGÃO | D6: DESCRIÇÃO SERVIÇO | E6: UNID | F6: QUANT. | G6: VALOR (R$)
G7: UNIT. | H7: SUBTOTAL | I7: TOTAL
A8: 01 | D8: REFORMA
A9: 01.01 | D9: RETIRADAS E DEMOLIÇÕES | I9: =SUM(H10:H14) -> 43629.91
A10: 01.01.01 | B10: 010256 | C10: DER-ES | D10: Remoção de telha ondulada de fibrocimento, inclusive cumeeira | E10: m² | F10: 952.1575 | G10: =5.71*J4 -> 7.496659 | H10: =G10*F10 -> 7138.0001
A11: 01.01.02 | B11: IMP-01 | C11: COMP | D11: Retirada de impermeabilização com manta asfáltica | E11: m² | F11: 30.6783 | G11: ='IMP-01'!G38 -> 4.3234532 | H11: =G11*F11 -> 132.63619
A12: 01.01.03 | B12: 010210 | C12: DER-ES | D12: Demolição manual de concreto simples (EMOP 05.001.001) | E12: m³ | F12: 2.574 | G12: =209.92*J4 -> 275.60397 | H12: =G12*F12 -> 709.40461
A13: 01.01.04 | B13: 010325 | C13: DER-ES | D13: Demolição de estrutura de madeira para telhado | E13: m² | F13: 952.1575 | G13: =21.93*J4 -> 28.791897 | H13: =G13*F13 -> 27414.421
A14: 01.01.05 | B14: 030304 | C14: DER-ES | D14: Índice de preço para remoção de entulho decorrente da execução de obras (Classe A CONAMA - NBR 10.004 - Classe II-B), incluindo aluguel da caçamba, carga, transporte e descarga em área licenciada | E14: m³ | F14: 117.75325 | G14: =53.27*J4 -> 69.938183 | H14: =G14*F14 -> 8235.4483
A16: 01.02 | D16: INSTALAÇÃO DO CANTEIRO DE OBRAS | I16: =SUM(H17:H20) -> 14763.114
A17: 01.02.01 | B17: 020701 | C17: DER-ES | D17: Barracão para escritório com sanitário área de 14.50 m2, de chapa de compens. 12mm e pontalete 8x8cm, piso cimentado e cobertura de telha de fibroc. 6mm, incl. ponto de luz e cx. de inspeção, conf. projeto (1utilização) | E17: m² | F17: 7.5 | G17: =580.88*J4 -> 762.63735 | H17: =G17*F17 -> 5719.7801
A18: 01.02.02 | B18: 020702 | C18: DER-ES | D18: Barracão para almoxarifado área de 10.90m2, de chapa de compensado de 12mm e pontalete 8x8cm, piso cimentado e cobertura de telhas de fibrocimento de 6mm, incl. ponto de luz, conf. projeto (1 utilização) | E18: m² | F18: 10.9 | G18: =400.1*J4 -> 525.29129 | H18: =G18*F18 -> 5725.6751
A19: 01.02.03 | B19: 020305 | C19: DER-ES | D19: Placa de obra nas dimensões de 2.0 x 4.0 m, padrão IOPES | E19: m² | F19: 8 | G19: =242.55*J4 -> 318.44389 | H19: =G19*F19 -> 2547.5512
A20: 01.02.04 | B20: 200576 | C20: DER-ES | D20: Placa para inauguração de obra em alumínio polido e=4mm, dimensões 40 x 50 cm, gravação em baixo relevo, inclusive pintura e fixação | E20: und | F20: 1 | G20: =586.57*J4 -> 770.10775 | H20: =G20*F20 -> 770.10775
A22: 01.03 | D22: PAREDES E PAINÉIS | I22: =SUM(H23:H26) -> 12936.099
A23: 01.03.01 | B23: 050601 | C23: DER-ES | D23: Alvenaria de blocos de concreto 9x19x39cm, c/ resist. mínimo a compres. 2.5 MPa, assent. c/ arg. de cimento, cal hidratada CH1 e areia no traço 1:0.5:8 esp. das juntas 10mm e esp. das paredes, s/ rev. 9cm | E23: m² | F23: 155.76 | G23: =48.05*J4 -> 63.084845 | H23: =G23*F23 -> 9826.0955
A24: 01.03.02 | B24: 040206 | C24: DER-ES | D24: Fôrma de tábua de madeira de 2.5 x 30.0 cm para fundações, levando-se em conta a utilização 5 vezes (incluido o material, corte, montagem, escoramento e desforma) | E24: m² | F24: 21.56 | G24: =60.8*J4 -> 79.82432 | H24: =G24*F24 -> 1721.0123
A25: 01.03.03 | B25: 040328 | C25: DER-ES | D25: Fornecimento, dobragem e colocação em fôrma, de armadura CA-50 A média, diâmetro de 6.3 a 10.0 mm | E25: kg | F25: 42.58 | G25: =10.87*J4 -> 14.271223 | H25: =G25*F25 -> 607.66868
A26: 01.03.04 | B26: 040322 | C26: DER-ES | D26: Fornecimento, preparo e aplicação de concreto Fck=20 MPa (brita 1) - (5% de perdas já incluído no custo) | E26: m³ | F26: 1.01 | G26: =589.22*J4 -> 773.58694 | H26: =G26*F26 -> 781.32281
A28: 01.04 | D28: COBERTURA | I28: =SUM(H29:H32) -> 369529.72
A29: 01.04.01 | B29: 090102 | C29: DER-ES | D29: Estrutura de madeira de lei tipo Paraju ou equivalente para telhado de telha ondulada de fribrocimento esp. 6mm, com pontaletes e caibros, inclusive tratamento com cupinicida, exclusive telhas. | E29: m² | F29: 1430.53 | G29: =89.68*J4 -> 117.74087 | H29: =G29*F29 -> 168431.85
A30: 01.04.02 | B30: 090219 | C30: DER-ES | D30: Cobertura em telha ondulada de alumínio, esp. 0.5mm, inclusive acessórios de fixação | E30: m² | F30: 1430.53 | G30: =83.42*J4 -> 109.52212 | H30: =G30*F30 -> 156674.68
A31: 01.04.03 | B31: 090312 | C31: DER-ES | D31: Calha em chapa galvanizada com largura de 40 cm | E31: m | F31: 206.54 | G31: =159.34*J4 -> 209.19749 | H31: =G31*F31 -> 43207.649
A32: 01.04.04 | B32: 090302 | C32: DER-ES | D32: Rufo de chapa metálica nº 26 com largura de 30 cm | E32: m | F32: 31.1 | G32: =29.77*J4 -> 39.085033 | H32: =G32*F32 -> 1215.5445
A34: 01.05 | D34: IMPERMEABILIZAÇÃO | I34: =SUM(H35:H36) -> 12245.906
A35: 01.05.01 | B35: 100105 | C35: DER-ES | D35: Índice de imperm.c/ manta asfáltica atendendo NBR 9952, asfalto polimérico, esp.4mm reforç.c/ filme int.em polietileno, regul.base c/ arg.1:4 esp.mín.15mm, proteção mec. arg. 1:4 esp.20mm e juntas dilat. | E35: m² | F35: 20.83 | G35: =183.77*J4 -> 241.27163 | H35: =G35*F35 -> 5025.6881
A36: 01.05.02 | B36: 100208 | C36: DER-ES | D36: Índice de imperm.c/ manta asfáltica atendendo NBR 9952, asfalto polimerizado esp.3mm, reforç.c/ filme int. polietileno, regul. base c/ arg.1:4 esp.mín.15mm, proteção mec. arg.1:4 esp.20mm e juntas dilat. | E36: m² | F36: 31.42 | G36: =175.03*J4 -> 229.79689 | H36: =G36*F36 -> 7220.2182
A38: 01.06 | D38: REVESTIMENTO DE PAREDES | I38: =SUM(H39:H41) -> 24173.626
A39: 01.06.01 | B39: 120101 | C39: DER-ES | D39: Chapisco de argamassa de cimento e areia média ou grossa lavada, no traço 1:3, espessura 5 mm | E39: m² | F39: 311.52 | G39: =5.23*J4 -> 6.866467 | H39: =G39*F39 -> 2139.0418
A40: 01.06.02 | B40: 120303 | C40: DER-ES | D40: Reboco tipo paulista de argamassa de cimento, cal hidratada CH1 e areia média ou grossa lavada no traço 1:0.5:6, espessura 25 mm | E40: m² | F40: 311.52 | G40: =44.1*J4 -> 57.89889 | H40: =G40*F40 -> 18036.662
A41: 01.06.03 | B41: 190106 | C41: DER-ES | D41: Pintura com tinta acrílica, marcas de referência Suvinil, Coral ou Metalatex, inclusive selador acrílico, em paredes e forros, a três demãos | E41: m² | F41: 155.76 | G41: =19.55*J4 -> 25.667195 | H41: =G41*F41 -> 3997.9223
A43: 01.07 | D43: SERVIÇOS COMPLEMENTARES | I43: =SUM(H44:H49) -> 15859.617
A44: 01.07.01 | B44: 071704 | C44: DER-ES | D44: Porta de abrir tipo veneziana em alumínio anodizado, linha 25, completa, incl. puxador com tranca, caixilho, alizar e contramarco | E44: m² | F44: 1.28 | G44: =719.34*J4 -> 944.42149 | H44: =G44*F44 -> 1208.8595
A45: 01.07.02 | B45: 200513 | C45: DER-ES | D45: Escada tipo marinheiro de tubo de ferro 1" e 3/4", com h=4.20m, para acesso a caixa d'água, inclusive pintura em esmalte sintético, conforme detalhe em projeto | E45: und | F45: 1 | G45: =1343.76*J4 -> 1764.2225 | H45: =G45*F45 -> 1764.2225
A46: 01.07.03 | B46: 071105 | C46: DER-ES | D46: Grade de ferro em barra chata, inclusive chumbamento | E46: m² | F46: 9.618 | G46: =275.08*J4 -> 361.15253 | H46: =G46*F46 -> 3473.5651
A47: 01.07.04 | B47: 071107 | C47: DER-ES | D47: Portão de ferro de abrir em barra chata, chapa e tubo, inclusive chumbamento | E47: m² | F47: 1.68 | G47: =710.49*J4 -> 932.80232 | H47: =G47*F47 -> 1567.1079
A48: 01.07.05 | B48: EQU-01 | C48: COMP | D48: Chapim em granito cinza andorinha, espessura 2cm, largura 19cm | E48: m | F48: 80.72 | G48: ='EQU-01'!G38 -> 90.813518 | H48: =G48*F48 -> 7330.4672
A49: 01.07.06 | B49: 190417 | C49: DER-ES | D49: Pintura com tinta esmalte sintético, marcas de referência Suvinil, Coral ou Metalatex, a duas demãos, inclusive fundo anticorrosivo a uma demão, em metal | E49: m² | F49: 22.6 | G49: =17.37*J4 -> 22.805073 | H49: =G49*F49 -> 515.39465
A51: 01.08 | D51: INSTALAÇÕES DE SPDA | I51: =SUM(H52:H64) -> 97907.679
A52: 01.08.01 | B52: 160309 | C52: DER-ES | D52: Terminal aéreo em latão (captor), com conector e fixação horizontal 5/16"x250mm, ref. TEL-024, inclusive vedação dos furos com poliuretano ref. TEL 5905, marca de ref. Termotécnica ou equivalente | E52: und | F52: 29 | G52: =41.13*J4 -> 53.999577 | H52: =G52*F52 -> 1565.9877
A53: 01.08.02 | B53: 160305 | C53: DER-ES | D53: Condutor de cobre nú, seção de 35mm2, inclusive suportes isoladores e acessórios de fixação, conforme projeto | E53: m | F53: 570 | G53: =76.36*J4 -> 100.25304 | H53: =G53*F53 -> 57144.235
A54: 01.08.03 | B54: 160333 | C54: DER-ES | D54: Cabo de cobre nú 50 mm2, ref. TEL-5750, marca de referência Termotécnica ou equivalente, inclusive abertura e fechamento de vala para cabo dimensões 50x20cm | E54: m | F54: 260 | G54: =67.28*J4 -> 88.331912 | H54: =G54*F54 -> 22966.297
A55: 01.08.04 | B55: 160311 | C55: DER-ES | D55: Haste de terra tipo COPPERWELD - 5/8" x 2.40m | E55: pç | F55: 17 | G55: =98.62*J4 -> 129.4782 | H55: =G55*F55 -> 2201.1294
A56: 01.08.05 | B56: 160316 | C56: DER-ES | D56: Caixa de inspeção em PVC, diâmetro 300 mm, ref TEL-552, marca de referência Termotécnica ou equivalente, inclusive escavação e reaterro | E56: pç | F56: 17 | G56: =82.07*J4 -> 107.7497 | H56: =G56*F56 -> 1831.745
A57: 01.08.06 | B57: 160310 | C57: DER-ES | D57: Conector de medição em latão com 2 parafusos para cabos de 16 a 50 mm2, ref. TEL-562, Termotécnica ou equivalente | E57: und | F57: 34 | G57: =50.57*J4 -> 66.393353 | H57: =G57*F57 -> 2257.374
A58: 01.08.07 | B58: 151127 | C58: DER-ES | D58: Eletroduto de PVC rígido roscável, diâm. 1" (32mm), inclusive conexões | E58: m | F58: 51 | G58: =19.37*J4 -> 25.430873 | H58: =G58*F58 -> 1296.9745
A59: 01.08.08 | B59: ELE-01 | C59: COMP | D59: Condulete tipo "c" em liga aluminio p/ eletroduto roscado 1" | E59: pç | F59: 17 | G59: ='ELE-01'!G38 -> 23.224655 | H59: =G59*F59 -> 394.81913
A60: 01.08.09 | B60: ELE-02 | C60: COMP | D60: Abracadeira tipo ômega 1" c/ parafuso" | E60: pç | F60: 51 | G60: ='ELE-02'!G38 -> 3.9341416 | H60: =G60*F60 -> 200.64122
A61: 01.08.10 | B61: ELE-03 | C61: COMP | D61: Tampa cega em latao polido para condulete em liga de aluminio 4 x 4" | E61: pç | F61: 17 | G61: ='ELE-03'!G38 -> 37.885189 | H61: =G61*F61 -> 644.04822
A62: 01.08.11 | B62: 160321 | C62: DER-ES | D62: Tampa reforçada em ferro fundido com escotilha TEL 536, inclusive assentamento, marca de referência Termotécnica ou equivalente | E62: und | F62: 17 | G62: =109.3*J4 -> 143.49997 | H62: =G62*F62 -> 2439.4995
A63: 01.08.12 | B63: 152031 | C63: DER-ES | D63: Conector split bolt para cabo de 35.0 mm2 | E63: und | F63: 17 | G63: =15.75*J4 -> 20.678175 | H63: =G63*F63 -> 351.52898
A64: 01.08.13 | B64: 160319 | C64: DER-ES | D64: Presilha de latão ref. 744, inclusive parafuso fenda DN 4,2x32mm e bucha nylon DN 6mm e vedação dos furos com poliuretano ref. 5905, marca de ref. Termotécnica ou equivalente | E64: pç | F64: 390 | G64: =9.01*J4 -> 11.829229 | H64: =G64*F64 -> 4613.3993
A66: 01.09 | D66: INSTALAÇÕES HIDRAULICAS | I66: =SUM(H67:H80) -> 33390.25
A67: 01.09.01 | B67: 141909 | C67: DER-ES | D67: Tubo de PVC rígido soldável branco, para esgoto, diâmetro 100mm (4"), inclusive conexões | E67: m | F67: 31 | G67: =53.47*J4 -> 70.200763 | H67: =G67*F67 -> 2176.2237
A68: 01.09.02 | B68: 141410 | C68: DER-ES | D68: Tubo de PVC rígido soldável marrom, diâm. 25mm (3/4"), inclusive conexões | E68: m | F68: 16 | G68: =17.82*J4 -> 23.395878 | H68: =G68*F68 -> 374.33405
A69: 01.09.03 | B69: 141413 | C69: DER-ES | D69: Tubo de PVC rígido soldável marrom, diâm. 50mm (11/2"), inclusive conexões | E69: m | F69: 25 | G69: =35.09*J4 -> 46.069661 | H69: =G69*F69 -> 1151.7415
A70: 01.09.04 | B70: 141414 | C70: DER-ES | D70: Tubo de PVC rígido soldável marrom, diâm. 60mm (2"), inclusive conexões | E70: m | F70: 14 | G70: =50.12*J4 -> 65.802548 | H70: =G70*F70 -> 921.23567
A71: 01.09.05 | B71: 170321 | C71: DER-ES | D71: Registro de gaveta bruto diam. 25mm (1") | E71: und | F71: 4 | G71: =58.96*J4 -> 77.408584 | H71: =G71*F71 -> 309.63434
A72: 01.09.06 | B72: 170325 | C72: DER-ES | D72: Registro de gaveta bruto diam. 65mm (21/2") | E72: und | F72: 2 | G72: =312.08*J4 -> 409.72983 | H72: =G72*F72 -> 819.45966
A73: 01.09.07 | B73: 170324 | C73: DER-ES | D73: Registro de gaveta bruto diam. 50mm (2") | E73: und | F73: 10 | G73: =152.56*J4 -> 200.29602 | H73: =G73*F73 -> 2002.9602
A74: 01.09.08 | B74: 142120 | C74: DER-ES | D74: Torneira de bóia de PVC, diâm. 1" (25mm) | E74: und | F74: 4 | G74: =94.27*J4 -> 123.76708 | H74: =G74*F74 -> 495.06833
A75: 01.09.09 | B75: 142125 | C75: DER-ES | D75: Adaptador de PVC com flanges livres para caixa d'água de 32mmx1" | E75: und | F75: 4 | G75: =16.89*J4 -> 22.174881 | H75: =G75*F75 -> 88.699524
A76: 01.09.10 | B76: 141525 | C76: DER-ES | D76: Adaptador de PVC soldável com flanges livres para caixa d'água, diâmetro 50mm (1 1/2") | E76: und | F76: 22 | G76: =27.89*J4 -> 36.616781 | H76: =G76*F76 -> 805.56918
A77: 01.09.11 | B77: HID-01 | C77: COMP | D77: Adaptador PVC soldável curto com bolsa e rosca para registro 25mm X 3/4" | E77: und | F77: 4 | G77: ='HID-01'!I42 -> 53.485512 | H77: =G77*F77 -> 213.94205
A78: 01.09.12 | B78: HID-02 | C78: COMP | D78: Adaptador PVC soldável curto com bolsa e rosca para registro 50mm X 1 1/2" | E78: und | F78: 20 | G78: ='HID-02'!I42 -> 58.802757 | H78: =G78*F78 -> 1176.0551
A79: 01.09.13 | B79: HID-03 | C79: COMP | D79: Adaptador PVC soldável curto com bolsa e rosca para registro 60mm X 2" | E79: und | F79: 2 | G79: ='HID-03'!I42 -> 70.1856 | H79: =G79*F79 -> 140.3712
A80: 01.09.14 | B80: 170549 | C80: DER-ES | D80: Reservatório de fibra de vidro 3000 litros, inclusive peça de apoio de 6x16 cm, exclusive flanges e torneira de bóia | E80: und | F80: 8 | G80: =2162.67*J4 -> 2839.3694 | H80: =G80*F80 -> 22714.956
A82: 01.10 | D82: LIMPEZA DA OBRA | I82: =SUM(H83) -> 1791.0025
A83: 01.10.01 | B83: 200402 | C83: DER-ES | D83: Limpeza geral de obras (quadras, praças e jardins) | E83: m² | F83: 1482.78 | G83: =0.92*J4 -> 1.207868 | H83: =G83*F83 -> 1791.0025
A84: TOTAL GERAL =======================================================>>> | I84: =I82+I66+I51+I43+I38+I34+I28+I22+I16+I9 -> 626226.92

Sheet MC - Á. Externa
B1: MEMÓRIA DE CÁLCULO - ÁREA EXTERNA
B2: OBRA: REFORMA DE TELHADO DA EMEF PROF.ª MARIA OLÍRIA SARCINELLI CAMPAGNARO
B3: LOCAL: JOÃO NEIVA-ES
A4: ITEM | B4: DESCRIÇÃO | C4: QUANT. | D4: COMP. | E4: LARG. | F4: PROF. | G4: ÁREA | H4: VOLUME | I4: PESO | J4: TOTAL | K4: UND. | L4: OBS.
A5: 01 | B5: REFORMA
A6: 01.01 | B6: RETIRADAS E DEMOLIÇÕES
A7: 01.01.01 | B7: Remoção de telha ondulada de fibrocimento, inclusive cumeeira
B8: Telhado | D8: 16.15 | E8: 6.6 | G8: 106.59 | J8: 106.59
B9: Telhado | D9: 16.55 | E9: 52.35 | G9: 866.3925 | J9: 866.3925
B10: Desconto - Cx d'água existente | D10: 4.25 | E10: 4.9 | G10: -20.825 | J10: -20.825
B11: TOTAL | J11: 952.1575 | K11: m²
A13: 01.01.02 | B13: Retirada de impermeabilização com manta asfáltica
B14: Laje | D14: 2.67 | E14: 11.49 | G14: 30.6783 | J14: 30.6783
B15: TOTAL | J15: 30.6783 | K15: m²
A17: 01.01.03 | B17: Demolição manual de concreto simples (EMOP 05.001.001) | E17: espessura | F17: altura
B18: Caixa D'água | D18: 14.3 | E18: 0.1 | F18: 1.8 | H18: 2.574 | J18: 2.574
B19: TOTAL | J19: 2.574 | K19: m³
A21: 01.01.04 | B21: Demolição de estrutura de madeira para telhado
B22: Igual a área de telha a ser retirada - Item 01.01.01 | G22: 952.1575 | J22: 952.1575
B23: TOTAL | J23: 952.1575 | K23: m²
A25: 01.01.05 | B25: Índice de preço para remoção de entulho decorrente da execução de obras (Classe A CONAMA - NBR 10.004 - Classe II-B), incluindo aluguel da caçamba, carga, transporte e descarga em área licenciada
B26: Telha fibrocimento | D26: 952.1575 | E26: 0.06 | G26: 57.12945 | J26: 57.12945
B27: Manta asfáltica | D27: 30.6783 | E27: 0.03 | G27: 0.920349 | J27: 0.920349
B28: Concreto | G28: 2.574 | J28: 2.574
B29: Estrutura de madeira | D29: 952.1575 | E29: 0.06 | G29: 57.12945 | J29: 57.12945
B30: TOTAL | J30: 117.75325 | K30: m³
A32: 01.02 | B32: INSTALAÇÃO DO CANTEIRO DE OBRAS
A33: 01.02.01 | B33: Barracão para escritório com sanitário área de 14.50 m2, de chapa de compens. 12mm e pontalete 8x8cm, piso cimentado e cobertura de telha de fibroc. 6mm, incl. ponto de luz e cx. de inspeção, conf. projeto (1utilização)
C34: 1 | D34: 2.5 | E34: 3 | G34: 7.5 | J34: 7.5
B35: TOTAL | J35: 7.5 | K35: m²
A37: 01.02.02 | B37: Barracão para almoxarifado área de 10.90m2, de chapa de compensado de 12mm e pontalete 8x8cm, piso cimentado e cobertura de telhas de fibrocimento de 6mm, incl. ponto de luz, conf. projeto (1 utilização)
G38: 10.9 | J38: 10.9
B39: TOTAL | J39: 10.9 | K39: m²
A41: 01.02.03 | B41: Placa de obra nas dimensões de 2.0 x 4.0 m, padrão IOPES
D42: 2 | E42: 4 | G42: 8 | J42: 8
B43: TOTAL | J43: 8 | K43: m²
A45: 01.02.04 | B45: Placa para inaguração da obra, 30 x 50 cm, incl. Assentamento
C46: 1 | J46: 1
B47: TOTAL | J47: 1 | K47: und
A49: 01.03 | B49: PAREDES E PAINÉIS
A50: 01.03.01 | B50: Alvenaria de blocos de concreto 9x19x39cm, c/ resist. mínimo a compres. 2.5 MPa, assent. c/ arg. de cimento, cal hidratada CH1 e areia no traço 1:0.5:8 esp. das juntas 10mm e esp. das paredes, s/ rev. 9cm | F50: base maior | G50: base menor | H50: base maior
B51: Vista A - lado direito | C51: 4 | D51: 8.58 | F51: 1.06 | G51: 0.2 | I51: 21.62 | J51: 21.62
B52: Desconto porta de acesso | C52: 1 | F52: 0.8 | G52: 0.7 | I52: -0.56 | J52: -0.56
B53: Vista A - lado esquerdo | C53: 4 | D53: 8.83 | F53: 1.45 | G53: 0.17 | I53: 28.61 | J53: 28.61
B54: Desconto porta de acesso | C54: 1 | F54: 0.8 | G54: 0.7 | I54: -0.56 | J54: -0.56
F55: altura | J55: 0
B56: Laje de cobertura existente a trocar | C56: 2 | D56: 60.85 | F56: 0.2 | I56: 24.34 | J56: 24.34
B57: Laje impermeabilizada a ser coberta | C57: 1 | D57: 29.7 | F57: 2.45 | I57: 72.765 | J57: 72.765
B58: Laje impermeabilizada a ser coberta | C58: 1 | D58: 29.7 | F58: 0.17 | I58: 5.049 | J58: 5.049
B59: Laje a impermeabilizar | C59: 2 | D59: 2.25 | F59: 1 | I59: 4.5 | J59: 4.5
B60: TOTAL | J60: 155.76 | K60: m²
A62: 01.03.02 | B62: Fôrma de tábua de madeira de 2.5 x 30.0 cm para fundações, levando-se em conta a utilização 5 vezes (incluido o material, corte, montagem, escoramento e desforma)
B63: Pilaretes em concreto | C63: 11 | D63: 2.45 | E63: 0.25 | F63: 0.15 | G63: 21.56 | J63: 21.56
B64: TOTAL | J64: 21.56 | K64: m²
A66: 01.03.03 | B66: Fornecimento, dobragem e colocação em fôrma, de armadura CA-50 A média, diâmetro de 6.3 a 10.0 mm | C66: n° pilares | D66: nº barras | E66: comp. | F66: kg/m
B67: Pilaretes em concreto | C67: 11 | D67: 4 | E67: 2.45 | F67: 0.395 | I67: 42.581 | J67: 42.58
B68: TOTAL | J68: 42.58 | K68: kg
A70: 01.03.04 | B70: Fornecimento, preparo e aplicação de concreto Fck=20 MPa (brita 1) - (5% de perdas já incluído no custo)
B71: Pilaretes em concreto | C71: 11 | D71: 2.45 | E71: 0.25 | F71: 0.15 | H71: 1.010625 | J71: 1.01
B72: TOTAL | J72: 1.01 | K72: m³
A74: 01.04 | B74: COBERTURA
A75: 01.04.01 | B75: Estrutura de madeira de lei tipo Paraju ou equivalente para telhado de telha ondulada de fribrocimento esp. 6mm, com pontaletes e caibros, inclusive tratamento com cupinicida, exclusive telhas.
B76: Conforme projeto de cobertura proposta
B77: Local da cobertura a ser demolida | G77: 1179.64 | J77: 1179.64
B78: Acima da laje impermeabilizada | G78: 250.89 | J78: 250.89
B79: TOTAL | J79: 1430.53 | K79: m²
A81: 01.04.02 | B81: Cobertura em telha ondulada de alumínio, esp. 0.5mm, inclusive acessórios de fixação
B82: Igual a área de estrutura de madeira - Item 01.04.01 | G82: 1430.53 | J82: 1430.53
B83: TOTAL | J83: 1430.53 | K83: m²
A85: 01.04.03 | B85: Calha em chapa galvanizada com largura de 40 cm
B86: Local da cobertura a ser demolida | D86: 124.9 | J86: 124.9
B87: Laje a ser coberta com telha metálica | D87: 81.64 | J87: 81.64
B88: TOTAL | J88: 206.54 | K88: m
A90: 01.04.04 | B90: Rufo de chapa metálica nº 26 com largura de 30 cm
B91: Cobertura menor | D91: 31.1 | J91: 31.1
B92: TOTAL | J92: 31.1 | K92: m
A94: 01.05 | B94: IMPERMEABILIZAÇÃO
A95: 01.05.01 | B95: Índice de imperm.c/ manta asfáltica atendendo NBR 9952, asfalto polimérico, esp.4mm reforç.c/ filme int.em polietileno, regul.base c/ arg.1:4 esp.mín.15mm, proteção mec. arg. 1:4 esp.20mm e juntas dilat.
B96: Laje Cx. D'água | G96: 20.83 | J96: 20.83
B97: TOTAL | J97: 20.83 | K97: m²
A99: 01.05.02 | B99: Índice de imperm.c/ manta asfáltica atendendo NBR 9952, asfalto polimerizado esp.3mm, reforç.c/ filme int. polietileno, regul. base c/ arg.1:4 esp.mín.15mm, proteção mec. arg.1:4 esp.20mm e juntas dilat.
B100: Laje descoberta | G100: 31.42 | J100: 31.42
B101: TOTAL | J101: 31.42 | K101: m²
A103: 01.06 | B103: REVESTIMENTO DE PAREDES
A104: 01.06.01 | B104: Chapisco de argamassa de cimento e areia média ou grossa lavada, no traço 1:3, espessura 5 mm
B105: Igual a área de alvenaria vezes as duas faces | E105: 01.03.01 | F105: faces
B106: Item 01.03.01 | E106: 155.76 | F106: 2 | G106: 311.52 | J106: 311.52
B107: TOTAL | J107: 311.52 | K107: m²
A109: 01.06.02 | B109: Reboco tipo paulista de argamassa de cimento, cal hidratada CH1 e areia média ou grossa lavada no traço 1:0.5:6, espessura 25 mm
B110: Igual a área de Chapisco - Item 01.06.01 | G110: 311.52 | J110: 311.52
B111: TOTAL | J111: 311.52 | K111: m²
A113: 01.06.03 | B113: Pintura com tinta acrílica, marcas de referência Suvinil, Coral ou Metalatex, inclusive selador acrílico, em paredes e forros, a três demãos
B114: Igual a área de alvenaria | G114: 155.76 | J114: 155.76
B115: TOTAL | J115: 155.76 | K115: m²
A117: 01.07 | B117: SERVIÇOS COMPLEMENTARES
A118: 01.07.01 | B118: Porta de abrir tipo veneziana em alumínio anodizado, linha 25, completa, incl. puxador com tranca, caixilho, alizar e contramarco
C119: 2 | D119: 0.8 | E119: 0.8 | G119: 1.28 | J119: 1.28
B120: TOTAL | J120: 1.28 | K120: m²
A122: 01.07.02 | B122: Escada tipo marinheiro de tubo de ferro 1" e 3/4", com h=4.20m, para acesso a caixa d'água, inclusive pintura em esmalte sintético, conforme detalhe em projeto
C123: 1 | J123: 1
...

Sheet Cronograma
A1: PREFEITURA MUNICIPAL DE JOÃO NEIVA
A2: CRONOGRAMA FÍSICO-FINANCEIRO
A3: OBRA: REFORMA DE TELHADO DA EMEF PROF.ª MARIA OLÍRIA SARCINELLI CAMPAGNARO
A4: LOCAL: JOÃO NEIVA-ES
A5: ORÇAMENTISTA: STEFAN B.LEMOS CREA 7169/D ES
A6: ATUALIZAÇÃO: FELIPPE PICOLI PANCIERI: CREA-ES 050306/D
A7: ITEM | B7: DESCRIÇÃO | D7: VALORES R$ | E7: PERÍODO (MENSAL)
E8: 1° Mês | F8: 2º Mês | G8: 3º Mês | H8: 4º Mês | I8: 5ºª Mês | J8: 6º Mês | K8: 7º Mês | L8: 8º Mês | M8: 9º Mês
A9: 01.01 | B9: RETIRADAS E DEMOLIÇÕES | C9: Físico (%) | D9: =D10/$D$31 -> 0.069671086 | E9: LICITAÇÃO | H9: 0.5 | I9: 0.5
C10: Financeiro (R$) | D10: =PM!I9 -> 43629.91 | H10: =$D$10*H9 -> 21814.955 | I10: =$D$10*I9 -> 21814.955 | J10: 0 | K10: 0 | L10: 0 | M10: 0
A11: 01.02 | B11: INSTALAÇÃO DO CANTEIRO DE OBRAS | C11: Físico (%) | D11: =D12/$D$31 -> 0.023574704 | E11: LICITAÇÃO | H11: 1
C12: Financeiro (R$) | D12: =PM!I16 -> 14763.114 | H12: =D12*H11 -> 14763.114 | I12: 0 | J12: 0 | K12: 0 | L12: 0 | M12: 0
A13: 01.03 | B13: PAREDES E PAINÉIS | C13: Físico (%) | D13: =D14/$D$31 -> 0.020657207 | E13: LICITAÇÃO | I13: 0.3 | J13: 0.3 | K13: 0.4
C14: Financeiro (R$) | D14: =PM!I22 -> 12936.099 | H14: 0 | I14: =$D$14*I13 -> 3880.8298 | J14: =$D$14*J13 -> 3880.8298 | K14: =$D$14*K13 -> 5174.4397 | L14: 0 | M14: 0
A15: 01.04 | B15: COBERTURA | C15: Físico (%) | D15: =D16/$D$31 -> 0.59008916 | E15: LICITAÇÃO | J15: 0.25 | K15: 0.3 | L15: 0.3 | M15: 0.15
C16: Financeiro (R$) | D16: =PM!I28 -> 369529.72 | H16: 0 | I16: 0 | J16: =$D$16*J15 -> 92382.43 | K16: =$D$16*K15 -> 110858.92 | L16: =$D$16*L15 -> 110858.92 | M16: =$D$16*M15 -> 55429.458
A17: 01.05 | B17: IMPERMEABILIZAÇÃO | C17: Físico (%) | D17: =D18/$D$31 -> 0.019555062 | E17: LICITAÇÃO | I17: 0.7 | J17: 0.3
C18: Financeiro (R$) | D18: =PM!I34 -> 12245.906 | H18: 0 | I18: =$D$18*I17 -> 8572.1344 | J18: =$D$18*J17 -> 3673.7719 | K18: 0 | L18: 0 | M18: 0
A19: 01.06 | B19: REVESTIMENTO DE PAREDES | C19: Físico (%) | D19: =D20/$D$31 -> 0.038602023 | E19: LICITAÇÃO | K19: 0.4 | L19: 0.6
C20: Financeiro (R$) | D20: =PM!I38 -> 24173.626 | H20: 0 | I20: 0 | J20: 0 | K20: =$D$20*K19 -> 9669.4505 | L20: =$D$20*L19 -> 14504.176 | M20: 0
A21: 01.07 | B21: SERVIÇOS COMPLEMENTARES | C21: Físico (%) | D21: =D22/$D$31 -> 0.025325671 | E21: LICITAÇÃO | J21: 0.4 | K21: 0.3 | L21: 0.3
C22: Financeiro (R$) | D22: =PM!I43 -> 15859.617 | H22: 0 | I22: 0 | J22: =$D$22*J21 -> 6343.8467 | K22: =$D$22*K21 -> 4757.885 | L22: =$D$22*L21 -> 4757.885 | M22: 0
A23: 01.08 | B23: INSTALAÇÕES DE SPDA | C23: Físico (%) | D23: =D24/$D$31 -> 0.15634537 | E23: LICITAÇÃO | L23: 0.2 | M23: 0.8
C24: Financeiro (R$) | D24: =PM!I51 -> 97907.679 | H24: 0 | I24: 0 | J24: 0 | K24: 0 | L24: =$D$24*L23 -> 19581.536 | M24: =$D$24*M23 -> 78326.143
A25: 01.09 | B25: INSTALAÇÕES HIDRAULICAS | C25: Físico (%) | D25: =D26/$D$31 -> 0.053319729 | E25: LICITAÇÃO | I25: 1
C26: Financeiro (R$) | D26: =PM!I66 -> 33390.25 | H26: 0 | I26: =D26*I25 -> 33390.25 | J26: 0 | K26: 0 | L26: 0 | M26: 0
A27: 01.10 | B27: LIMPEZA DA OBRA | C27: Físico (%) | D27: =D28/$D$31 -> 0.0028599896 | E27: LICITAÇÃO | M27: 1
C28: Financeiro (R$) | D28: =PM!I82 -> 1791.0025 | H28: 0 | I28: 0 | J28: 0 | K28: 0 | L28: 0 | M28: =D28*M27 -> 1791.0025
B29: Total Parcial (%) | H29: =H31/$D$31 -> 0.058410247 | I29: =I31/$D$31 -> 0.10804098 | J29: =J31/$D$31 -> 0.16971624 | K29: =K31/$D$31 -> 0.20832814 | L29: =L31/$D$31 -> 0.23905474 | M29: =M31/$D$31 -> 0.21644966
B30: Total Acumulado (%) | H30: =H32/$D$31 -> 0.058410247 | I30: =I32/$D$31 -> 0.16645122 | J30: =J32/$D$31 -> 0.33616746 | K30: =K32/$D$31 -> 0.5444956 | L30: =L32/$D$31 -> 0.78355034 | M30: =M32/$D$31 -> 1
B31: Total Financeiro (R$) | D31: =D28+D26+D24+D22+D20+D18+D16+D14+D12+D10 -> 626226.92 | H31: =H10+H12 -> 36578.069 | I31: =I26+I18+I14+I10 -> 67658.169 | J31: =J22+J18+J16+J14 -> 106280.88 | K31: =K22+K20+K16+K14 -> 130460.69 | L31: =L24+L22+L20+L16 -> 149702.51 | M31: =M28+M24+M16 -> 135546.6
B32: Total Acumulado (R$) | H32: =H31 -> 36578.069 | I32: =H32+I31 -> 104236.24 | J32: =I32+J31 -> 210517.12 | K32: =J32+K31 -> 340977.81 | L32: =K32+L31 -> 490680.32 | M32: =L32+M31 -> 626226.92

Sheet HID-01
E1: COMPOSIÇÃO ANALÍTICA DE PREÇO UNITÁRIO | I1: Data-base
I3: 44197
I4: HID-01
A6: SERVIÇO: | B6: Adaptador PVC soldável curto com bolsa e rosca para registro 25mm X 3/4"
A7: UND: | B7: und
A8: ORÇAMENTISTA: STEFAN B.LEMOS: CREA 7169/D ES
A9: ATUALIZAÇÃO: FELIPPE PICOLI PANCIERI: CREA-ES 050306/D
A10: MÃO-DE-OBRA
A11: CÓD. | B11: ORGÃO | C11: DESCRIÇÃO | F11: UND | G11: COEF | H11: R$ UNIT. | I11: R$ PARCIAL
A12: 10118 | B12: DER-ES | C12: Encanador | F12: h | G12: 0.09 | H12: 6.94 | I12: =H12*G12 -> 0.6246
A13: 10101 | B13: DER-ES | C13: Ajudante | F13: h | G13: 0.09 | H13: 5.86 | I13: =H13*G13 -> 0.5274
A18: TOTAL A | I18: =SUM(I12:I13) -> 1.152
A20: MATERIAIS/ SERVIÇOS
A21: CÓD. | B21: ORGÃO | C21: DESCRIÇÃO | F21: UND | G21: COEF | H21: R$ UNIT. | I21: R$ PARCIAL
A22: 65 | B22: SINAPI-ES | C22: Adaptador PVC soldável curto com bolsa e rosca para registro 25mm X 3/4" | F22: m | G22: 1 | H22: 1 | I22: =H22*G22 -> 1
A23: 69512 | B23: DER-ES | C23: Fita de vedação | F23: m | G23: 1 | H23: 0.18 | I23: =H23*G23 -> 0.18
A24: 69513 | B24: DER-ES | C24: Adesivo para tubo de PVC rigido | F24: kg | G24: 0.01 | H24: 53.47 | I24: =H24*G24 -> 0.5347
A25: 69514 | B25: DER-ES | C25: Solução limpadora para PVC rigido | F25: l | G25: 1 | H25: 36.06 | I25: =H25*G25 -> 36.06
A34: TOTAL B | I34: =SUM(I22:I25) -> 37.7747
A36: RESUMO
A37: TOTAL A | I37: =I18 -> 1.152
A38: TOTAL B | I38: =I34 -> 37.7747
A39: TOTAL C ( TOTAL A X LEIS SOCIAIS) | I39: =I37*1.5727 -> 1.8117504
A40: TOTAL D (A+B+C) | I40: =SUM(I37:I39) -> 40.73845
A41: TOTAL E (BDI 31,29%) | I41: =I40*31.29% -> 12.747061
A42: PREÇO DE VENDA | I42: =SUM(I40:I41) -> 53.485512

Sheet HID-02
E1: COMPOSIÇÃO ANALÍTICA DE PREÇO UNITÁRIO | I1: Data-base
I3: 44197
I4: HID-02
A6: SERVIÇO: | B6: Adaptador PVC soldável curto com bolsa e rosca para registro 50mm X 1 1/2"
A7: UND: | B7: und
A8: ORÇAMENTISTA: STEFAN B.LEMOS: CREA 7169/D ES
A9: ATUALIZAÇÃO: FELIPPE PICOLI PANCIERI: CREA-ES 050306/D
A10: MÃO-DE-OBRA
A11: CÓD. | B11: ORGÃO | C11: DESCRIÇÃO | F11: UND | G11: COEF | H11: R$ UNIT. | I11: R$ PARCIAL
A12: 10118 | B12: DER-ES | C12: Encanador | F12: h | G12: 0.09 | H12: 6.94 | I12: =H12*G12 -> 0.6246
A13: 10101 | B13: DER-ES | C13: Ajudante | F13: h | G13: 0.09 | H13: 5.86 | I13: =H13*G13 -> 0.5274
A18: TOTAL A | I18: =SUM(I12:I13) -> 1.152
A20: MATERIAIS/ SERVIÇOS
A21: CÓD. | B21: ORGÃO | C21: DESCRIÇÃO | F21: UND | G21: COEF | H21: R$ UNIT. | I21: R$ PARCIAL
A22: 112 | B22: SINAPI-ES | C22: Adaptador PVC soldável curto com bolsa e rosca para registro 50mm X 1 1/2" | F22: m | G22: 1 | H22: 5.05 | I22: =H22*G22 -> 5.05
A23: 69512 | B23: DER-ES | C23: Fita de vedação | F23: m | G23: 1 | H23: 0.18 | I23: =H23*G23 -> 0.18
A24: 69513 | B24: DER-ES | C24: Adesivo para tubo de PVC rigido | F24: kg | G24: 0.01 | H24: 53.47 | I24: =H24*G24 -> 0.5347
A25: 69514 | B25: DER-ES | C25: Solução limpadora para PVC rigido | F25: l | G25: 1 | H25: 36.06 | I25: =H25*G25 -> 36.06
A34: TOTAL B | I34: =SUM(I22:I25) -> 41.8247
A36: RESUMO
A37: TOTAL A | I37: =I18 -> 1.152
A38: TOTAL B | I38: =I34 -> 41.8247
A39: TOTAL C ( TOTAL A X LEIS SOCIAIS) | I39: =I37*1.5727 -> 1.8117504
A40: TOTAL D (A+B+C) | I40: =SUM(I37:I39) -> 44.78845
A41: TOTAL E (BDI 31,29%) | I41: =I40*31.29% -> 14.014306
A42: PREÇO DE VENDA | I42: =SUM(I40:I41) -> 58.802757

Sheet HID-03
E1: COMPOSIÇÃO ANALÍTICA DE PREÇO UNITÁRIO | I1: Data-base
I3: 44197
I4: HID-03
A6: SERVIÇO: | B6: Adaptador PVC soldável curto com bolsa e rosca para registro 60mm X 2"
A7: UND: | B7: und
A8: ORÇAMENTISTA: STEFAN B.LEMOS: CREA 7169/D ES
A9: ATUALIZAÇÃO: FELIPPE PICOLI PANCIERI: CREA-ES 050306/D
A10: MÃO-DE-OBRA
A11: CÓD. | B11: ORGÃO | C11: DESCRIÇÃO | F11: UND | G11: COEF | H11: R$ UNIT. | I11: R$ PARCIAL
A12: 10118 | B12: DER-ES | C12: Encanador | F12: h | G12: 0.09 | H12: 6.94 | I12: =H12*G12 -> 0.6246
A13: 10101 | B13: DER-ES | C13: Ajudante | F13: h | G13: 0.09 | H13: 5.86 | I13: =H13*G13 -> 0.5274
A18: TOTAL A | I18: =SUM(I12:I13) -> 1.152
A20: MATERIAIS/ SERVIÇOS
A21: CÓD. | B21: ORGÃO | C21: DESCRIÇÃO | F21: UND | G21: COEF | H21: R$ UNIT. | I21: R$ PARCIAL
A22: 113 | B22: SINAPI-ES | C22: Adaptador PVC soldável curto com bolsa e rosca para registro 60mm X 2" | F22: m | G22: 1 | H22: 13.72 | I22: =H22*G22 -> 13.72
A23: 69512 | B23: DER-ES | C23: Fita de vedação | F23: m | G23: 1 | H23: 0.18 | I23: =H23*G23 -> 0.18
A24: 69513 | B24: DER-ES | C24: Adesivo para tubo de PVC rigido | F24: kg | G24: 0.01 | H24: 53.47 | I24: =H24*G24 -> 0.5347
A25: 69514 | B25: DER-ES | C25: Solução limpadora para PVC rigido | F25: l | G25: 1 | H25: 36.06 | I25: =H25*G25 -> 36.06
A34: TOTAL B | I34: =SUM(I22:I25) -> 50.4947
A36: RESUMO
A37: TOTAL A | I37: =I18 -> 1.152
A38: TOTAL B | I38: =I34 -> 50.4947
A39: TOTAL C ( TOTAL A X LEIS SOCIAIS) | I39: =I37*1.5727 -> 1.8117504
A40: TOTAL D (A+B+C) | I40: =SUM(I37:I39) -> 53.45845
A41: TOTAL E (BDI 31,29%) | I41: =I40*31.29% -> 16.727149
A42: PREÇO DE VENDA | I42: =SUM(I40:I41) -> 70.1856

Sheet ELE-01
A1: COMPOSIÇÃO ANALÍTICA DE PREÇO UNITÁRIO | G1: Data-base
G2: 44197
G3: ELE-01 | I3: 41883
A5: SERVIÇO: | B5: Condulete tipo "c" em liga aluminio p/ eletroduto roscado 1"
A6: UND: | B6: und
A7: ORÇAMENTISTA: STEFAN B.LEMOS: CREA 7169/D ES
A8: ATUALIZAÇÃO: FELIPPE PICOLI PANCIERI: CREA-ES 050306/D
A9: MÃO-DE-OBRA
A10: CÓD. | B10: ORGÃO | C10: DESCRIÇÃO | D10: UND | E10: COEF | F10: R$ UNIT. | G10: R$ PARCIAL
A11: 10115 | B11: DER-ES | C11: Eletricista | D11: h | E11: 0.15 | F11: 6.94 | G11: =F11*E11 -> 1.041
A12: 10101 | B12: DER-ES | C12: Ajudante de Eletricista | D12: h | E12: 0.15 | F12: 5.86 | G12: =F12*E12 -> 0.879
A17: TOTAL A | G17: =SUM(G11:G12) -> 1.92
A19: MATERIAIS/ SERVIÇOS
A20: CÓD. | B20: ORGÃO | C20: DESCRIÇÃO | D20: UND | E20: COEF | F20: R$ UNIT. | G20: R$ PARCIAL
A21: 2560 | B21: SINAPI-ES | C21: Condulete tipo "c" em liga aluminio p/ eletroduto roscado 1" | D21: und | E21: 1 | F21: 12.75 | G21: =F21*E21 -> 12.75
A30: TOTAL B | G30: =SUM(G21) -> 12.75
A32: RESUMO
A33: TOTAL A | G33: =G17 -> 1.92
A34: TOTAL B | G34: =G30 -> 12.75
A35: TOTAL C ( TOTAL A X LEIS SOCIAIS) | G35: =G33*1.5727 -> 3.019584
A36: TOTAL D (A+B+C) | G36: =SUM(G33:G35) -> 17.689584
A37: TOTAL E (BDI 31,29%) | G37: =G36*31.29% -> 5.5350708
A38: PREÇO DE VENDA | G38: =SUM(G36:G37) -> 23.224655

Sheet ELE-02
A1: COMPOSIÇÃO ANALÍTICA DE PREÇO UNITÁRIO | G1: Data-base
G2: 44197
G3: ELE-02 | I3: 41883
A5: SERVIÇO: | B5: Abracadeira tipo ômega 1" c/ parafuso"
A6: UND: | B6: und
A7: ORÇAMENTISTA: STEFAN B.LEMOS: CREA 7169/D ES
A8: ATUALIZAÇÃO: FELIPPE PICOLI PANCIERI: CREA-ES 050306/D
A9: MÃO-DE-OBRA
A10: CÓD. | B10: ORGÃO | C10: DESCRIÇÃO | D10: UND | E10: COEF | F10: R$ UNIT. | G10: R$ PARCIAL
A11: 10115 | B11: DER-ES | C11: Eletricista | D11: h | E11: 0.05 | F11: 6.94 | G11: =F11*E11 -> 0.347
A12: 10101 | B12: DER-ES | C12: Ajudante de Eletricista | D12: h | E12: 0.05 | F12: 5.86 | G12: =F12*E12 -> 0.293
A17: TOTAL A | G17: =SUM(G11:G12) -> 0.64
A19: MATERIAIS/ SERVIÇOS
A20: CÓD. | B20: ORGÃO | C20: DESCRIÇÃO | D20: UND | E20: COEF | F20: R$ UNIT. | G20: R$ PARCIAL
A21: 393 | B21: SINAPI-ES | C21: Abracadeira tipo ômega 1" c/ parafuso" | D21: und | E21: 1 | F21: 1.35 | G21: =F21*E21 -> 1.35
A30: TOTAL B | G30: =SUM(G21) -> 1.35
A32: RESUMO
A33: TOTAL A | G33: =G17 -> 0.64
A34: TOTAL B | G34: =G30 -> 1.35
A35: TOTAL C ( TOTAL A X LEIS SOCIAIS) | G35: =G33*1.5727 -> 1.006528
A36: TOTAL D (A+B+C) | G36: =SUM(G33:G35) -> 2.996528
A37: TOTAL E (BDI 31,29%) | G37: =G36*31.29% -> 0.93761361
A38: PREÇO DE VENDA | G38: =SUM(G36:G37) -> 3.9341416

Sheet ELE-03
A1: COMPOSIÇÃO ANALÍTICA DE PREÇO UNITÁRIO | G1: Data-base
G2: 44197
G3: ELE-03 | I3: 41883
A5: SERVIÇO: | B5: Tampa cega em latao polido para condulete em liga de aluminio 4 x 4"
A6: UND: | B6: und
A7: ORÇAMENTISTA: STEFAN B.LEMOS: CREA 7169/D ES
A8: ATUALIZAÇÃO: FELIPPE PICOLI PANCIERI: CREA-ES 050306/D
A9: MÃO-DE-OBRA
A10: CÓD. | B10: ORGÃO | C10: DESCRIÇÃO | D10: UND | E10: COEF | F10: R$ UNIT. | G10: R$ PARCIAL
A11: 10115 | B11: DER-ES | C11: Eletricista | D11: h | E11: 0.2 | F11: 6.94 | G11: =F11*E11 -> 1.388
A12: 10101 | B12: DER-ES | C12: Ajudante de Eletricista | D12: h | E12: 0.2 | F12: 5.86 | G12: =F12*E12 -> 1.172
A17: TOTAL A | G17: =SUM(G11:G12) -> 2.56
A19: MATERIAIS/ SERVIÇOS
A20: CÓD. | B20: ORGÃO | C20: DESCRIÇÃO | D20: UND | E20: COEF | F20: R$ UNIT. | G20: R$ PARCIAL
A21: 7552 | B21: SINAPI-ES | C21: Tampa cega em latao polido para condulete em liga de aluminio 4 x 4" | D21: und | E21: 1 | F21: 22.27 | G21: =F21*E21 -> 22.27
A30: TOTAL B | G30: =SUM(G21) -> 22.27
A32: RESUMO
A33: TOTAL A | G33: =G17 -> 2.56
A34: TOTAL B | G34: =G30 -> 22.27
A35: TOTAL C ( TOTAL A X LEIS SOCIAIS) | G35: =G33*1.5727 -> 4.026112
A36: TOTAL D (A+B+C) | G36: =SUM(G33:G35) -> 28.856112
A37: TOTAL E (BDI 31,29%) | G37: =G36*31.29% -> 9.0290774
A38: PREÇO DE VENDA | G38: =SUM(G36:G37) -> 37.885189

Sheet IMP-01
A1: COMPOSIÇÃO ANALÍTICA DE PREÇO UNITÁRIO | G1: Data-base
G2: 44197
G3: IMP-01 | I3: 41883
A5: SERVIÇO: | B5: Retirada de impermeabilização com manta asfáltica
A6: UND: | B6: m²
A7: ORÇAMENTISTA: STEFAN B.LEMOS: CREA 7169/D ES
A8: ATUALIZAÇÃO: FELIPPE PICOLI PANCIERI: CREA-ES 050306/D
A9: MÃO-DE-OBRA
A10: CÓD. | B10: ORGÃO | C10: DESCRIÇÃO | D10: UND | E10: COEF | F10: R$ UNIT. | G10: R$ PARCIAL
A11: 10139 | B11: DER-ES | C11: Pedreiro | D11: h | E11: 0.1 | F11: 6.94 | G11: =F11*E11 -> 0.694
A12: 10101 | B12: DER-ES | C12: Ajudante | D12: h | E12: 0.1 | F12: 5.86 | G12: =F12*E12 -> 0.586
A17: TOTAL A | G17: =SUM(G11:G12) -> 1.28
A19: MATERIAIS/ SERVIÇOS
A20: CÓD. | B20: ORGÃO | C20: DESCRIÇÃO | D20: UND | E20: COEF | F20: R$ UNIT. | G20: R$ PARCIAL
A30: TOTAL B | G30: 0
A32: RESUMO
A33: TOTAL A | G33: =G17 -> 1.28
A34: TOTAL B | G34: =G30 -> 0
A35: TOTAL C ( TOTAL A X LEIS SOCIAIS) | G35: =G33*1.5727 -> 2.013056
A36: TOTAL D (A+B+C) | G36: =SUM(G33:G35) -> 3.293056
A37: TOTAL E (BDI 31,29%) | G37: =G36*31.29% -> 1.0303972
A38: PREÇO DE VENDA | G38: =SUM(G36:G37) -> 4.3234532

Sheet EQU-01
A1: COMPOSIÇÃO ANALÍTICA DE PREÇO UNITÁRIO | G1: Data-base
G2: 44197
G3: EQU-01 | I3: 41883
A5: SERVIÇO: | B5: Chapim em granito cinza andorinha, espessura 2cm, largura 19cm
A6: UND: | B6: m
A7: ORÇAMENTISTA: STEFAN B.LEMOS: CREA 7169/D ES
A8: ATUALIZAÇÃO: FELIPPE PICOLI PANCIERI: CREA-ES 050306/D
A9: MÃO-DE-OBRA
A10: CÓD. | B10: ORGÃO | C10: DESCRIÇÃO | D10: UND | E10: COEF | F10: R$ UNIT. | G10: R$ PARCIAL
A11: 10139 | B11: DER-ES | C11: Pedreiro | D11: h | E11: 0.84 | F11: 6.94 | G11: =F11*E11 -> 5.8296
A12: 10146 | B12: DER-ES | C12: Servente | D12: h | E12: 0.91 | F12: 5.1 | G12: =F12*E12 -> 4.641
A17: TOTAL A | G17: =SUM(G11:G12) -> 10.4706
A19: MATERIAIS/ SERVIÇOS
A20: CÓD. | B20: ORGÃO | C20: DESCRIÇÃO | D20: UND | E20: COEF | F20: R$ UNIT. | G20: R$ PARCIAL
A21: 32505 | B21: DER-ES | C21: Granito cinza andorinha polido esp. 2cm p/ bancada | D21: m² | E21: 0.19 | F21: 208 | G21: =F21*E21 -> 39.52
A22: 20503 | B22: DER-ES | C22: Areia lavada média | D22: m³ | E22: 0.00861 | F22: 71.67 | G22: =F22*E22 -> 0.6170787
A23: 20505 | B23: DER-ES | C23: Cal hidratado | D23: kg | E23: 1.274 | F23: 0.78 | G23: =F23*E23 -> 0.99372
A24: 20508 | B24: DER-ES | C24: Cimento CP III - 32 | D24: kg | E24: 2.562 | F24: 0.43 | G24: =F24*E24 -> 1.10166
A30: TOTAL B | G30: =SUM(G21:G24) -> 42.232459
A32: RESUMO
A33: TOTAL A | G33: =G17 -> 10.4706
A34: TOTAL B | G34: =G30 -> 42.232459
A35: TOTAL C ( TOTAL A X LEIS SOCIAIS) | G35: =G33*1.5727 -> 16.467113
A36: TOTAL D (A+B+C) | G36: =SUM(G33:G35) -> 69.170171
A37: TOTAL E (BDI 31,29%) | G37: =G36*31.29% -> 21.643347
A38: PREÇO DE VENDA | G38: =SUM(G36:G37) -> 90.813518

Sheet BDI
A1: PREFEITURA MUNICIPAL DE JOÃO NEIVA
A2: SECRETARIA MUNICIPAL DE OBRAS E SERVIÇOS URBANOS
A5: OBRA: SERVIÇO DE MANUTENÇÃO PREVENTIVA E CORRETIVA DO PARQUE DE ILUMINAÇÃO PÚBLICA
A7: COMPOSIÇÃO DO BDI
D9: Para Serviços | E9: Para Materiais
B10: GRUPO A
B11: Despesas Financeiras | D11: 0.0061 | E11: 0.0061
B12: Total Grupo A | D12: =D11 -> 0.0061 | E12: =E11 -> 0.0061
B13: GRUPO B
B14: Administração Central | D14: 0.0406 | E14: 0.0406
B15: Total Grupo B | D15: =SUM(D14:D14) -> 0.0406 | E15: =SUM(E14:E14) -> 0.0406
B16: GRUPO C
B17: Bonificação | D17: 0.0686 | E17: 0.0686
B18: Total Grupo C | D18: =D17 -> 0.0686 | E18: =E17 -> 0.0686
B19: GRUPO D
B20: Seguros / Garantia | D20: 0.01 | E20: 0.01
B21: Riscos | D21: 0.01 | E21: 0.01
B22: Total Grupo D | D22: =SUM(D20:D21) -> 0.02 | E22: =SUM(E20:E21) -> 0.02
B23: GRUPO E
B24: ISS | D24: 0.05 | E24: 0
B25: PIS | D25: 0.0065 | E25: 0.0065
B26: COFINS | D26: 0.03 | E26: 0.03
B27: CPRB | D27: 0.045 | E27: 0.045
B28: Total Grupo E | D28: =SUM(D24:D27) -> 0.1315 | E28: =SUM(E24:E27) -> 0.0815
B30: BDI Total | D30: =((1+(D15+D22))*(1+D12)*(1+D18))/(1-D28) - 1 -> 0.31291956 | E30: =((1+(E15+E22))*(1+E12)*(1+E18))/(1-E28) - 1 -> 0.24144871
A32: OBS:
A34: 1 | B34: - A fórmula para cálculo da taxa a ser acrescida aos custos diretos de um
B35: empreendimento a título de Benefícios e Despesas Indiretas é:
B36: BDI = {(1 + A)*(1 + B+D)*(1 + C)} -1, onde:
B37: (1 – E)
B38: A = DESPESAS FINANCEIRAS
B39: B = ADMINISTRAÇÃO CENTRAL;
B40: C = BENEFÍCIO / LUCRO;
B41: D = RISCOS, SEGUROS E GARANTIAS;
B42: E = ISS + PIS + COFINS+INSS
A44: 2 | B44: - Discriminação do BDI
B46: A – Despesas financeiras:
B47: são aquelas decorrentes do custo do capital de giro para fazer frente às despesas realizadas antes do efetivo recebimento das devidas receitas. Foi apropriada por estimativa com base na média proposta no ACÓRDÃO Nº 2.622/2013, PLENÁRIO de 25 set.2013.
B51: B – Administração Central:
B52: são as despesas relativas à manutenção de parcela do custo do escritório central da empresa, tais como: instalações do imóvel/sede (custo de propriedade ou de locação de imóveis); aquisição e manutenção dos equipamentos da sede (computadores, ar condicionado, veículos e correlatos); despesas administrativas (secretária, vigilante, auxiliar de escritório, contínuo, assessorias tercerizadas - ex. contadoria); despesas com consumo (água, luz, telefone, material para escritório, material para limpeza, alimentos, etc). Foi apropriada por estimativa com base na média proposta noACÓRDÃO Nº 2.622/2013, PLENÁRIO de 25 set.2013.
B53: C – Benefício/Lucro:
B54: é a parcela que contempla a remuneração do construtor, definidos com base em valor percentual sobre o total dos custos diretos e despesas indiretas, excluídas aquelas referentes às parcelas tributárias. A taxa adotada como benefício deve ser entendida como uma provisão de onde será retirado o lucro do construtor, após desconto de todos os encargos decorrentes de inúmeras incertezas que podem ocorrer durante as obras, difíceis de serem mensuradas no seu conjunto com base no ACÓRDÃO Nº 2.622/2013, PLENÁRIO de 25 set.2013.
B56: D – Riscos Imprevistos, Garantias e Seguros:
B57: valores para cobertura de despesas imprevisíveis e os seguros e garantias estabelecidos no Projeto Básico e orientação contante no ACÓRDÃO Nº 2.622/2013, PLENÁRIO de 25 set.2013.
B58: E – Valores Relativos aos Tributos:
B59: – Impostos sobre serviços de qualquer natureza – ISS, é imposto de competência municipal, consoante art. 156, inciso III, da Constituição Federal. Alíquota de 5% sobre o valor total da nota fiscal.
B60: – Contribuição para o Programa de Integração Social – PIS. A taxa do PIS, definida pelos Decretos-Lei nº 2.445 e 2.449/88, é de 0,65% sobre a receita operacional bruta.
B61: – Contribuição para o Programa de Financiamento da Seguridade Social – COFINS, definida pela Lei 9.718/98, é de 3%, sobre a receita operacional bruta.

Sheet L. SOCIAIS.
A1: PREFEITURA MUNICIPAL DE JOÃO NEIVA
A2: SECRETARIA MUNICIPAL DE OBRAS E SERVIÇOS URBANOS
A3: COMPOSIÇÃO DE LEIS SOCIAIS HORISTAS
A4: GRUPO A - Encargos Sociais Básicos | C4: %
A5: A.1 | B5: INSS (Art. 22 da Lei 8.212/91) | C5: 20
A6: A.2 | B6: FGTS (Art. 27 do Decreto 99.684/90) | C6: 8
A7: A.3 | B7: SESI/SESC (Lei 8.029/90 e Lei 8.036/90) | C7: 1,80
A8: A.4 | B8: SENAI/SENAC (Lei 8.029/90 e Decreto-Lei 6246/44) | C8: 1,30
A9: A.5 | B9: SEBRAE (já considerado no item A.3 e A.4) | C9: 0,00
A10: A.6 | B10: INCRA (Lei 2.613/55 e Decreto 1.146/70) | C10: 0,20
A11: A.7 | B11: SALÁRIO-EDUCAÇÃO (Decreto 87.043/82) | C11: 2,50
A12: A.8 | B12: SEGURO ACIDENTE DO TRABALHO (Lei 8.212/91 e Decreto 3.048/99) | C12: 3,00
A13: A.9 | B13: SECONCI/Medicina do Trabalho | C13: 1,00
A14: TOTAL GRUPO A | C14: =(C5+C6+C7+C8+C9+C10+C11+C12+C13)/100 -> 0.378
A15: GRUPO B - Encargos Sociais que recebem a incidência do grupo A | C15: %
A16: B.1 | B16: Descanso Semanal Remunerado (Art. 66 da CLT e Art. 7º da CF/88) | C16: 17,52
A17: B.2 | B17: Feriados (Art. 70 da CLT e Lei 605/49) | C17: 3,91
A18: B.3 | B18: Auxílio doença e acidente do trabalho (Lei 3.607/60 e Art. 131 da CLT) | C18: 0,76
A19: B.4 | B19: Licença Paternidade (Art. 7º da CF/88) | C19: 0,11
A20: B.5 | B20: Faltas Legais (Art. 473 da CLT) | C20: 0,67
A21: B.6 | B21: 13º Salário (Lei nº 4090/62) | C21: 10,11
A22: B.7 | B22: Aviso Prévio Trabalhado (Art. 7º, inciso XXI da CF/88) | C22: 0,34
A23: TOTAL GRUPO B | C23: =(C16+C17+C18+C19+C20+C21+C22)/100 -> 0.3342
A24: GRUPO C - Encargos Sociais que não recebem a incidência do grupo A | C24: %
A25: C.1 | B25: Dispensa sem justa causa (LC 110/01) | C25: 5,34
A26: C.2 | B26: Férias indenizadas (Art. 129 a 148 da CLT) | C26: 11,20
A27: C.3 | B27: Aviso prévio indenizado (Art. 7º, inciso XXI da CF/88) | C27: 11,29
A28: C.4 | B28: FGTS sobre aviso prévio indenizado (Súmula 305 TST) | C28: 0,90
A29: C.5 | B29: INSS sobre aviso prévio indenizado (Decreto 6.727/09) | C29: 2.26
A30: TOTAL GRUPO C | C30: =(C25+C26+C27+C28+C29)/100 -> 0.3099
A31: GRUPO D - Reincidência dos encargos sociais básicos | C31: %
A32: D.1 | B32: Incidência do grupo A sobre o grupo B | C32: 12.63
A33: TOTAL GRUPO D | C33: 0.1263
A34: TOTAL DOS GRUPOS (A+B+C+D) | C34: =C33+C30+C23+C14 -> 1.1484
A35: GRUPO E - Encargos complementares | C35: %
A36: E.1 | B36: Refeição/alimentação (Convenção Coletiva do Trabalho 2014/2016) | C36: 25.75
A37: E.2 | B37: Vale Transporte (Lei nº 7418/85 e Decreto 95.247/87) | C37: 6.03
A38: E.3 | B38: Uniforme/equipamento de segurança (Art. 166 da CLT e NR-18 da Lei nº 6.514/77 e Convenção Coletiva do Trabalho 2014/2016) | C38: 2.67
A39: E.4 | B39: Plano de Saúde (Convenção Coletiva do Trabalho 2014/2016) | C39: 7.98
A40: TOTAL GRUPO E | C40: =(C36+C37+C38+C39)/100 -> 0.4243
A41: TOTAL DOS GRUPO (A+B+C+D+E) | C41: =C34+C40 -> 1.5727
